[Event "*** SCC Grand Prix: Titled Tuesday Blitz"]
[Site "Chess.com"]
[Date "2020.06.23"]
[Round "2"]
[White "Man-Chuk"]
[Black "GM_LOADING"]
[Result "0-1"]
[WhiteElo "2838"]
[BlackElo "2568"]
[TimeControl "180+1"]
[EndTime "10:20:20 PDT"]
[Termination "GM_LOADING won by checkmate"]

1. c4 e6 2. Nc3 d5 3. d4 Bb4 4.
e3 Nf6 5. a3 Bxc3+ 6. bxc3 O-O 7. cxd5 exd5 8. Bd3 b6 9. Ne2 Ba6 10. Bxa6 Nxa6 11. Qd3 Nb8 12. c4 c5 13. O-O dxc4 14. Qxc4 cxd4 15. Nxd4 Nbd7 16. Bb2 Rc8 17. Qe2 Nc5 18.
Rfd1 Qe8 19. Rac1 a6 20. h3 Qe4 21. Nf3 Qe6 22. Bd4 Nfe4 23. Rc2 b5 24. Rdc1 Nb3 25. Rxc8 Rxc8 26. Rxc8+ Qxc8 27. Be5 Qc4 28. Qb2 f6 29. Bf4 Qc1+ 30. Qxc1 Nxc1 31. Nd4 Nd3 32. f3 Nd2 33.
Bd6 Nc4 34. Bb4 Nxe3 35. Ne6 Nc4 36. Nc7 a5 37. Bc3 Nxa3 38. Bxa5 b4 39. Nd5 b3 40. Bc3 b2 41. Bxb2 Nxb2 42. Ne7+ Kf7 43. Nf5 Nbc4 44.
g4 Nb5 45. Kg2 Nbd6 46. Nd4 Kg6 47. h4 Ne3+ 48. Kg3 f5 49. h5+ Kf6 50. Nc6 Nd5 51. Nd4 g6 52. hxg6 hxg6 53. Nc6 Kg5 54. gxf5 Nxf5+ 55. Kf2 Kf4 56. Na5 Nd4 57. Nc4 Nxf3 58. Nd6 Ne5 59. Ne8 Kf5 60. Ng7+ Kf6 61. Ne8+ Ke7 62. Ng7 Kf7 63. Nh5 gxh5 64. Kg3 Kg6 65. Kh4 Kh6 66. Kg3 Kg5 67. Kh3 Nf4+ 68. Kg3 Nf7 69. Kf3 h4 70.
Kf2 Kg4 71. Kg1 h3 72. Kh2 Kh4 73. Kg1 Kg3 74. Kh1 Nd3 75. Kg1 h2+ 76. Kh1 Nf2# 0-1

[Event "*** SCC Grand Prix: Titled Tuesday Blitz"]
[Site "Chess.com"]
[Date "2020.06.23"]
[Round "2"]
[White "chessplayer9919"]
[Black "vugarrasulov"]
[Result "1/2-1/2"]
[WhiteElo "2545"]
[BlackElo "2805"]
[TimeControl "180+1"]
[EndTime "10:20:22 PDT"]
[Termination "Game drawn by repetition"]

1. d4 Nf6 2. c4 e6 3. Nf3 b6 4. g3 Bb7 5. Bg2 Bb4+ 6. Bd2 a5 7. O-O O-O 8. Nc3 d5 9. Ne5 Nbd7 10.
Bg5 Be7 11. Qa4 c6 12. cxd5 b5 13. Qc2 exd5 14. e4 b4 15. exd5 Nxe5 16. dxe5 Nxd5 17.
Bxe7 Qxe7 18. Nxd5 cxd5 19. Rfe1 Rfd8 20. Rad1 Rac8 21.
Qd2 d4 22. Bxb7 Qxb7 23. Rc1 Qd5 24. a3 Rxc1 25. Qxc1 d3 26. Qd2 bxa3 27. bxa3 h6 28. h4 a4 29. Rb1 Qxe5 30. Kg2 Qd6 31. Rb4 Rc8 32. Kh2 Rc2 33. Qe3 d2 34. Qe8+ Kh7 35. Rb8 Qxb8 36. Qe4+ g6 37. Qxc2 Qd6 38. Qd1 Qxa3 39.
Qxd2 Qb3 40. Qd4 a3 41. h5 gxh5 42. Qe4+ Kg8 43. Qe8+ Kg7 44. Qe5+ Kf8 45. Qd6+ Ke8 46. Qe5+ Kd7 47. Qd4+ Kc6 48. Qe4+ Kc5 49. Qe5+ Kc4 50. Qc7+ Kd3 51. Qd6+ Kc2 52. Qc5+ Qc3 53. Qf5+ Kc1 54. Qxf7 Qc2 55. Qf4+ Kb1 56. Qb4+ Qb2 57. Qe4+ Kc1 58. Qe1+ Kc2 59. Qe4+ Kd1 60. Qd3+ Ke1 61. Qe3+ Kf1 62. Kh3 a2 63. Qd3+ Kxf2 64. Qf5+ Ke1 65. Qe4+ Qe2 66. Qb4+ Kd1 67. Qd4+ Kc2 68. Qa4+ Kc1 69. Qa3+ Qb2 70. Qe3+ Qd2 71. Qa3+ Kd1 72. Qa4+ Ke2 73. Qe4+ Kf1 74. Qc4+ Ke1 75. Qe4+ Qe2 76. Qb4+ Kf2 77. Qf4+ Ke1 78.
Qb4+ 1/2-1/2

[Event "*** SCC Grand Prix: Titled Tuesday Blitz"]
[Site "Chess.com"]
[Date "2020.06.23"]
[Round "2"]
[White "Herracek"]
[Black "GeorgMeier"]
[Result "0-1"]
[WhiteElo "2568"]
[BlackElo "2906"]
[TimeControl "180+1"]
[EndTime "10:20:27 PDT"]
[Termination "GeorgMeier won by resignation"]

1. c4 b6 2. Nf3 Bb7 3. g3 Bxf3 4.
exf3 c5 5. d4 Nc6 6. d5 Nd4 7.
Be3 Nf5 8. Bd2 g6 9. Bc3 Bg7 10. Bxg7 Nxg7 11. Bd3 Nh6 12. Nc3 Nhf5 13. Bxf5 Nxf5 14.
O-O O-O 15. Re1 a6 16. a4 Rb8 17.
Qd3 e6 18. Re4 Qf6 19. Rf4 Qe5 20. Kf1 Nd4 21. Re1 Qg7 22. Ne2 Nf5 23. b3 Rfe8 24.
Re4 Qb2 25. Kg2 exd5 26. Qxd5 Rxe4 27. fxe4 Ng7 28. Nf4 Ne6 29. Nxe6 dxe6 30. Qd6 Ra8 31. Qxb6 Qd2 32. Re3 Qd4 33. Qc6 Ra7 34. Rf3 h5 35. h4 Kg7 36. a5 Kg8 37. Qb6 Rd7 38. Qxa6 Kg7 39. Qc6 Rd6 40. Qc7 Rd7 41. Qf4 Ra7 42. e5 Qxf4 43. gxf4 Rxa5 44. Rd3 Ra1 45. Rd7 Rc1 46.
Rc7 Rc3 47. Rxc5 Rxb3 48. Rc8 Rc3 49. c5 Rd3 50. c6 Rc3 51. Kf1 Rc4 52. Ke2 Rc5 53.
Kd3 Rc1 54. Kd4 Rc2 55. Kd3 Rc1 56. Kd4 Rc2 57. c7 Rc1 58. f3 Rc2 59. Ke4 Rc4+ 60.
Kd3 Rc6 61. Kd4 Rc1 62. Ke4 Rc4+ 63. Ke3 Rc6 64. f5 exf5 65. Kd4 Rc1 66. f4 Rc2 67. Kd5 Rc1 68. Kd6 Rd1+ 69. Ke7 Rc1 70. Kd7 Rd1+ 71. Ke8 Rc1 72. Rd8 Rxc7 73. Rd7 Rxd7 74. Kxd7 g5 75. fxg5 f4 76. g6 Kxg6 77. Ke7 f3 78. e6 fxe6 79. Kxe6 f2 80. Ke5 f1=Q 0-1

[Event "*** SCC Grand Prix: Titled Tuesday Blitz"]
[Site "Chess.com"]
[Date "2020.06.23"]
[Round "2"]
[White "SantoBlue"]
[Black "hermionegrangermagic"]
[Result "1-0"]
[WhiteElo "2787"]
[BlackElo "2518"]
[TimeControl "180+1"]
[EndTime "10:20:27 PDT"]
[Termination "SantoBlue won by resignation"]

1. c4 e6 2. Nf3 Nf6 3. b3 d5 4. Bb2 Be7 5. g3 O-O 6. Bg2 c5 7. O-O Nc6 8. e3 d4 9. exd4 cxd4 10. Re1 Ne8 11. d3 f6 12. a3 a5 13. Qc2 e5 14.
Nbd2 Bf5 15. Ne4 Qd7 16. c5 Nc7 17. Nfd2 Nd5 18. Nc4 Ra6 19. f4 exf4 20. Ned6 Ne3 21. Nxe3 fxe3 22. Nxf5 Qxf5 23. Qc4+ Kh8 24. Rf1 Qxc5 25.
Qxc5 Bxc5 26. Rac1 Ba7 27. Rf5 Ne5 28. Be4 b5 29. Kf1 g6 30. Rf4 f5 31. Ke2 Raf6 32. Bd5 Rd8 33. Bg2 g5 34. Rff1 f4 35. Rc7 Rdf8 36. gxf4 gxf4 37. Rxa7 f3+ 38. Bxf3 Nxf3 39. Rxf3 Rxf3 40. Bxd4+ Kg8 41. Rg7+ Kh8 42. Rf7+ Kg8 43. Rxf3 Rd8 44. Kxe3 Re8+ 45. Kd2 Rd8 46. Rg3+ Kf7 47. Be3 Ke6 48. Rf3 Kd5 49. Rf4 Kc6 50. Re4 a4 51. Rd4 Rg8 52. bxa4 Rg2+ 53. Kc3 bxa4 54. Rc4+ Kb5 55.
Rb4+ Ka6 56. Rxa4+ Kb5 57. Rb4+ Ka5 58. Rc4 Rxh2 59.
Kd4 h5 60. Rc5+ Ka4 61. Re5 h4 62. Ke4 h3 63. Rh5 Kxa3 64. d4 Kb4 65. d5 Kb5 66. d6+ Kc6 67. Bf4 Re2+ 68. Kf3 Ra2 69. Rxh3 Ra3+ 70.
Kg4 Ra8 71. Rh7 Rg8+ 72. Kf3 Rf8 73. Rc7+ Kd5 74. Rc1 Ke6 75. Rc7 Ra8 76. Re7+ Kf6 77.
Re3 Ra7 78. Kg4 Rg7+ 79. Kh3 Rd7 80. Bg3 Kf5 81. Re5+ Kf6 82. Rc5 Rh7+ 83. Kg2 Ke6 84. Rc7 Rh8 85. Re7+ Kf6 86. Be5+ Kf5 87. Bxh8 1-0

[Event "*** SCC Grand Prix: Titled Tuesday Blitz"]
[Site "Chess.com"]
[Date "2020.06.23"]
[Round "2"]
[White "rugbyclub"]
[Black "AttilaTurzo"]
[Result "1-0"]
[WhiteElo "2141"]
[BlackElo "2493"]
[TimeControl "180+1"]
[EndTime "10:20:28 PDT"]
[Termination "rugbyclub won by resignation"]

1. c4 e5 2. Nc3 Nf6 3. Nf3 Nc6 4. e3 Bb4 5. Qc2 O-O 6. Nd5 Bd6 7. a3 Nxd5 8. cxd5 Ne7 9. d4 exd4 10. Nxd4 Nxd5 11. Bd3 Nf6 12. g4 Nxg4 13. Bxh7+ Kh8 14. Rg1 Qh4 15. Qf5 Qxh7 16. Qxg4 g6 17. Bd2 Be5 18. O-O-O d6 19. Qg5 Bd7 20. Bc3 Rae8 21. f4 Bg7 22. f5 Bxf5 23.
Nxf5 Bxc3 24. Rg4 gxf5 25. Rh4 Bg7 26. Rg1 Rg8 27. Rxh7+ Kxh7 28. Qxf5+ Kh6 29. Rg3 Bxb2+ 30. Kxb2 Rxg3 31. hxg3 Kg7 32. Qf3 b6 33. Qc6 Re7 34.
Kc2 a5 35. Kd2 f6 36. g4 Kg6 37. Qf3 Kg7 38. Qf5 Kf7 39. Kd3 Kg7 40. e4 Rf7 41.
Kd4 Re7 42. a4 Kf7 43. Qh5+ Kg7 44. Qb5 Kg6 45. Ke3 Re5 46. Qd7 Rc5 47. Qe8+ Kg7 48. Kf4 Re5 49. Qd7+ Kg6 50. Qxc7 Re6 51. Qxb6 Re5 52. Qxd6 Rg5 53. Qb6 Kg7 54. Qc7+ Kg6 55. Qd7 Re5 56. Qc8 Rg5 57. Qe8+ Kg7 58. Qe7+ Kg6 59.
Qd7 Re5 60. Kf3 Rg5 61. Ke3 Re5 62. Qc8 Rg5 63. Qg8+ Kh6 64. Qh8+ Kg6 65. Kf3 Re5 66. Kf4 Rg5 67. Qa8 Kg7 68. Qa7+ Kg6 69. Kg3 Re5 70.
Qb7 Rg5 71. Qb5 Re5 72. Qxe5 fxe5 73. Kh4 Kh6 74. g5+ Kg7 75. Kg4 Kg6 76. Kh4 Kh7 77.
Kh5 Kg7 78. g6 Kg8 79. Kg5 Kg7 80. Kf5 Kh6 81. Kf6 Kh5 82. g7 Kh6 83. g8=Q 1-0

[Event "*** SCC Grand Prix: Titled Tuesday Blitz"]
[Site "Chess.com"]
[Date "2020.06.23"]
[Round "2"]
[White "biaf13"]
[Black "Dr_crypt"]
[Result "1-0"]
[WhiteElo "2021"]
[BlackElo "2361"]
[TimeControl "180+1"]
[EndTime "10:20:28 PDT"]
[Termination "biaf13 won by checkmate"]

1. e4 e5 2. Nf3 Nc6 3. Bc4 Nf6 4. Ng5 d5 5. exd5 b5 6. Bxb5 Qxd5 7. Qe2 Bd7 8. Nc3 Qxg2 9. Qf3 Qxf3 10. Nxf3 Bd6 11. Rg1 e4 12. Ng5 O-O 13. Kf1 Rfe8 14. Bc4 Ne5 15. Bb3 h6 16. Ngxe4 Bh3+ 17. Ke2 Nxe4 18. Nxe4 Nc6 19. Kd3 Nb4+ 20. Kd4 Be5+ 21. Ke3 Kf8 22. Kf3 Bxh2 23. Rh1 f5 24. Nc3 Bg4+ 25. Kg2 Bd6 26. d3 a5 27. Bd2 f4 28. f3 Bf5 29. Rae1 Nc6 30. Ba4 Rxe1 31. Rxe1 Nd4 32. Ne4 Be7 33.
Bxf4 Rb8 34. b3 Ne6 35. Bg3 Rb4 36. Nc3 Bd6 37. Bxd6+ cxd6 38. Nd5 Rd4 39. Ne3 Nf4+ 40. Kg3 Bc8 41. Nc4 g5 42. Bc6 d5 43. Ne5 Rb4 44.
a4 Nh5+ 45. Kf2 Kg7 46. Bd7 Rh4 47. Bxc8 Rh2+ 48. Ke3 Rxc2 49. Kd4 Nf4 50. Be6 Rb2 51. Bxd5 Rxb3 52. Bxb3 Ng2 53. Kc3 Nf4 54. Kd2 Ng2 55. Re2 Nf4 56. Re3 Ng6 57. Re4 Nf4 58. Rc4 h5 59.
Rxf4 gxf4 60. Ke2 Kf6 61. Nc6 h4 62. Nxa5 h3 63. Kf2 Ke5 64. Bc4 Kd4 65. Kg1 Ke3 66. Bd5 Kxd3 67. Kh2 Kc3 68. Nc6 Kd3 69. a5 Ke3 70. Kxh3 Kf2 71. Kg4 Kg1 72. Kxf4 Kh2 73.
a6 Kh3 74. a7 Kg2 75. a8=Q Kh3 76. Qg8 Kh2 77. Ke3 Kh1 78. Kf2 Kh2 79. Qh8# 1-0

[Event "*** SCC Grand Prix: Titled Tuesday Blitz"]
[Site "Chess.com"]
[Date "2020.06.23"]
[Round "2"]
[White "Chesstrainer1"]
[Black "ALEXJR20"]
[Result "1-0"]
[WhiteElo "2444"]
[BlackElo "2204"]
[TimeControl "180+1"]
[EndTime "10:20:30 PDT"]
[Termination "Chesstrainer1 won by checkmate"]

1. Nf3 Nf6 2. c4 c6 3. d4 e6 4. Nc3 d5 5. e3 Bb4 6. Bd3 Nbd7 7.
O-O a6 8. Qc2 O-O 9. Bd2 dxc4 10.
Bxc4 b5 11. Bd3 Bb7 12. a3 Be7 13. b4 a5 14. Rab1 axb4 15. axb4 Nb6 16. e4 Qc7 17. e5 Nfd5 18. Bxh7+ Kh8 19. Nxd5 Nxd5 20. Be4 Qd7 21. Ng5 g6 22. Rb3 Kg7 23. Rh3 Rh8 24. Rxh8 Rxh8 25. Rb1 Rh5 26. Nxf7 Bxb4 27. Bxg6 Rh4 28.
Bxb4 c5 29. Bxc5 Nf4 30. g3 Nxg6 31. gxh4 Qxf7 32. Rxb5 Qf3 33. Rxb7+ Qxb7 34. Qe2 Qb1+ 35. Qf1 Qe4 36. f3 Qxh4 37. Qg2 Qe1+ 38. Qf1 Qe3+ 39. Kh1 Nf4 40. Ba3 Kf7 41. Bc1 Qe2 42. Qxe2 Nxe2 43. Be3 Kg6 44. Kg2 Kf5 45. h4 Nc3 46. h5 Nd5 47.
Bd2 Nb6 48. h6 Kg6 49. Kf2 Nc4 50. Be3 Nb2 51. Ke2 Nc4 52. Kd3 Nb6 53. Bd2 Nd5 54.
Kc2 Kh7 55. Kb3 Ne7 56. Kc4 Nf5 57. Kc5 Ne7 58. Kd6 Nf5+ 59. Kc5 Ne7 60. Bf4 Ng6 61.
Bg5 Nf8 62. Kc6 Kg6 63. Be3 Kf7 64. d5 exd5 65. Kxd5 Ng6 66. e6+ Ke7 67. Bg5+ Ke8 68. f4 Nh8 69. f5 Kf8 70. Kd6 Ke8 71. Kc7 Kf8 72. Kd7 Kg8 73. e7 Kh7 74. e8=Q Ng6 75.
Qxg6+ Kh8 76. Bf6# 1-0

[Event "*** SCC Grand Prix: Titled Tuesday Blitz"]
[Site "Chess.com"]
[Date "2020.06.23"]
[Round "2"]
[White "j_coca"]
[Black "Kavyev_Ruslan"]
[Result "0-1"]
[WhiteElo "2195"]
[BlackElo "2541"]
[TimeControl "180+1"]
[EndTime "10:20:31 PDT"]
[Termination "Kavyev_Ruslan won on time"]

1. f4 d5 2. Nf3 Nf6 3. e3 g6 4. d4 Bg7 5. c3 c5 6. Bd3 O-O 7. O-O Nc6 8. Nbd2 Qc7 9. Qe2 Rb8 10. Ne5 a6 11. h3 b5 12. g4 b4 13. Nxc6 Qxc6 14.
Nf3 Ne4 15. Bd2 bxc3 16. Bxc3 Qc7 17. Bxe4 dxe4 18. Nd2 Bb7 19. Rac1 Bc6 20. dxc5 Bb5 21. Nc4 Bxc3 22. Rxc3 Qxc5 23. b3 Rfd8 24. Rfc1 Rbc8 25. Kf2 Qb4 26. Kg3 Rc7 27. Qc2 Bxc4 28. Qxe4 a5 29. Rxc4 Rxc4 30. Qxc4 Qd2 31. Qc3 Qxa2 32. Rc2 Qb1 33.
h4 Qg1+ 34. Rg2 Qd1 35. h5 Qd3 36. Qe5 Qd6 37. Qxd6 Rxd6 38. Ra2 Rd3 39. Kf3 Rd5 40. hxg6 hxg6 41. Ke4 Rb5 42. Ra4 f6 43. f5 gxf5+ 44. gxf5 Kf7 45. Kf4 Ke8 46. e4 Kd7 47. Ra3 Kc6 48.
Ke3 Kc5 49. Kd3 Kb4 50. Ra1 Kxb3 51. Rb1+ Ka4 52. Ra1+ Kb4 53. Rb1+ Kc5 54. Rc1+ Kd6 55. Rc8 Rb3+ 56. Kc4 Rb4+ 57. Kd3 Ke5 58. Rc5+ Kf4 59. Rxa5 Rxe4 60. Ra7 Re5 61. Kd4 Kxf5 62. Rd7 Re1 63. Kc3 e5 64. Kd2 Re4 65. Rh7 Ra4 66. Ke3 Ra3+ 67. Ke2 Ke6 68. Rh8 f5 69. Rd8 f4 70.
Kf2 Kf5 71. Rb8 Ra5 72. Ke2 Ra2+ 73. Kd3 e4+ 74. Kd4 Rd2+ 75. Kc3 Rd7 76. Re8 f3 77.
Kc2 Kf4 78. Kc3 e3 79. Rf8+ Kg3 80. Re8 Kf2 81. Kc2 e2 82. Re7 e1=Q 0-1

[Event "*** SCC Grand Prix: Titled Tuesday Blitz"]
[Site "Chess.com"]
[Date "2020.06.23"]
[Round "2"]
[White "RestartingChess"]
[Black "Fortitudine"]
[Result "1/2-1/2"]
[WhiteElo "2452"]
[BlackElo "2260"]
[TimeControl "180+1"]
[EndTime "10:20:31 PDT"]
[Termination "Game drawn by stalemate"]

1. e4 c5 2. Nf3 d6 3. Bb5+ Nd7 4. a4 g6 5. O-O Bg7 6. Nc3 Nf6 7. d3 O-O 8. Bxd7 Bxd7 9. h3 b6 10. Be3 a6 11.
Qd2 b5 12. axb5 axb5 13. Bh6 b4 14. Ne2 Bc6 15. Bxg7 Kxg7 16. Ng3 h6 17. h4 Qd7 18. e5 Nd5 19. d4 c4 20. Rae1 c3 21. bxc3 bxc3 22. Qc1 Bb5 23. Re4 Bxf1 24. Kxf1 Qb5+ 25. Kg1 Qb2 26. Re1 Qxc1 27. Rxc1 Ra2 28. Ne2 Rb8 29. Kh2 Rbb2 30. Ne1 dxe5 31. dxe5 Ra3 32. Kg3 e6 33. f4 Rba2 34. Kf3 h5 35. Nd3 Ra1 36. Rxa1 Rxa1 37. Nec1 Ra4 38. g3 Ra1 39. Kf2 Nb4 40.
Ke3 Nxc2+ 41. Ke4 Na3 42. Kd4 c2 43. Kc3 Rb1 44. Kd2 Rb8 45. Ne2 Rd8 46. Nc1 Rc8 47.
Ne2 Nb5 48. Nec1 Nd4 49. Ke3 Nb5 50. Kd2 Nd4 51. Ke3 Nc6 52. Kd2 Na5 53. Ke3 Nc4+ 54. Ke2 Na3 55. Kd2 Nb1+ 56. Ke3 Nc3 57. Kd2 Na4 58.
Ke3 Kg8 59. Kd2 Nb6 60. Ke3 Nc4+ 61. Ke2 Rb8 62. Kf3 Rb1 63. Ke2 Nb2 64. Kd2 Nxd3 65. Nxd3 Rg1 66. Kxc2 Rxg3 67. Kd2 Rg4 68. Ke3 Rxh4 69.
Nf2 Rh2 70. Ne4 Rh1 71. Kf3 Rf1+ 72. Kg3 Re1 73. Nf6+ Kg7 74. Kh4 Rh1+ 75. Kg5 Rg1+ 76. Kh4 Rg4+ 77. Nxg4 hxg4 78. Kxg4 f6 79. Kh4 f5 80.
Kg5 Kh7 81. Kf6 Kh6 82. Kxe6 g5 83. Kxf5 gxf4 84. Kxf4 Kg6 85. Ke4 Kf7 86. Kd5 Ke7 87. Kd4 Ke6 88. Ke4 Ke7 89. Kd5 Kd7 90. e6+ Ke7 91.
Ke5 Ke8 92. Kf6 Kf8 93. e7+ Ke8 94. Ke6 1/2-1/2

[Event "*** SCC Grand Prix: Titled Tuesday Blitz"]
[Site "Chess.com"]
[Date "2020.06.23"]
[Round "2"]
[White "ENEASZ"]
[Black "Orange_Ghost"]
[Result "0-1"]
[WhiteElo "2504"]
[BlackElo "2757"]
[TimeControl "180+1"]
[EndTime "10:20:37 PDT"]
[Termination "Orange_Ghost won by resignation"]

1. e4 e6 2. d4 d5 3. Bd3 dxe4 4. Bxe4 Nf6 5. Bf3 c5 6. Ne2 Nc6 7. Be3 cxd4 8. Nxd4 Ne5 9. Nc3 Be7 10. Ndb5 O-O 11.
Qxd8 Nxf3+ 12. gxf3 Rxd8 13. Nc7 Bd7 14. Nxa8 Rxa8 15. O-O-O Bc6 16. Ne4 Nxe4 17. fxe4 Bxe4 18. Rhg1 Bc6 19. b3 a6 20. Bd4 f6 21. Bb6 Rc8 22.
Kb2 Kf7 23. a4 e5 24. c3 g6 25. Rd2 Ke6 26. Re1 g5 27. Be3 Kf7 28. Bb6 Ke6 29.
Be3 Kf7 30. Bb6 h6 31. Be3 Be8 32. Bb6 Bc6 33. Be3 Rg8 34. Bb6 Ke6 35. Be3 Kf5 36. Bb6 h5 37. Bc7 Bc5 38. Bd6 Rd8 39. Red1 Bb6 40.
Bb4 Rc8 41. a5 Bc7 42. Ka3 Re8 43. c4 Bf3 44. Re1 Bc6 45. Red1 e4 46. h3 Re6 47. Bc3 Kg6 48. Re1 Bf4 49. Rd8 Bc7 50. Rg8+ Kf5 51. Rh8 Be8 52. b4 Bf4 53. Kb3 Re7 54. Rf8 Bf7 55.
Rc8 Rd7 56. Rf8 Rc7 57. Kb2 Bd6 58. Rxf7 Rxf7 59. c5 Bf4 60. b5 axb5 61. Kb3 Rc7 62. Kb4 g4 63. hxg4+ hxg4 64. Kxb5 Rc6 65. Bd4 Bc7 66.
Rh1 Ra6 67. Bc3 Ke6 68. Rh7 g3 69. fxg3 Bxg3 70. Rxb7 Ra8 71. a6 e3 72. a7 e2 73. Kb6 Kd5 74. Rd7+ Ke6 75. c6 Bf2+ 76.
Ka6 f5 77. Rb7 f4 78. c7 Kd7 79. Rb4 Rxa7+ 80. Kb5 f3 81. Rf4 Rxc7 82. Rxf3 Rxc3 83.
Rxf2 e1=Q 0-1

[Event "*** SCC Grand Prix: Titled Tuesday Blitz"]
[Site "Chess.com"]
[Date "2020.06.23"]
[Round "2"]
[White "Volodar_Murzin"]
[Black "ferdipy"]
[Result "0-1"]
[WhiteElo "2700"]
[BlackElo "2354"]
[TimeControl "180+1"]
[EndTime "10:20:42 PDT"]
[Termination "ferdipy won by checkmate"]

1. e4 e6 2. d4 d5 3. Nc3 Bb4 4. e5 c5 5. a3 Bxc3+ 6. bxc3 Ne7 7. a4 Qa5 8. Bd2 c4 9. Nf3 Nbc6 10. Qb1 b6 11. Be2 Bb7 12. O-O O-O-O 13. Bc1 Nf5 14. Bb2 f6 15. exf6 gxf6 16. Re1 Rhg8 17. Bf1 Rde8 18.
Qc1 e5 19. Kh1 Kb8 20. Ba3 Ka8 21. Qb2 h5 22. Bb4 Qa6 23. a5 b5 24. Bc5 h4 25.
h3 Bc8 26. Rab1 e4 27. Ng1 Bd7 28. Ne2 Nxa5 29. Ra1 e3 30. f3 Nd6 31. Bxd6 Qxd6 32. Rxa5 Kb7 33. Rea1 Ra8 34. Qb4 Qxb4 35. cxb4 a6 36.
c3 Be6 37. Nf4 Bf7 38. Re1 Rae8 39. Be2 Rg5 40. Bd1 Bg8 41. Bc2 Bf7 42. Kh2 Kb6 43.
Raa1 Re7 44. Re2 Re8 45. Rae1 Reg8 46. Rxe3 a5 47. Re6+ Bxe6 48. Rxe6+ Kb7 49. bxa5 Ra8 50. Rxf6 Rxa5 51. Nxd5 Ra2 52. Ne3 b4 53. cxb4 Rb5 54.
Be4+ Kc7 55. Nxc4 Rg5 56. Rf7+ Kd8 57. f4 Rg3 58. Ne5 Re3 59. Bf3 Rb2 60. b5 Rxb5 61. Rf8+ Ke7 62. Re8+ Kxe8 63. Bc6+ Ke7 64. Bxb5 Ke6 65.
Ng6 Kf5 66. Nxh4+ Kxf4 67. Nf3 Rb3 68. Bc4 Rb4 69. Be6 Rb6 70. Bg4 Rd6 71. Bc8 Rc6 72.
Bb7 Rc7 73. Bd5 Rd7 74. Be6 Re7 75. d5 Re8 76. Nd4 Ke5 77. Nf5 Rh8 78. h4 Rh5 79. Kh3 Rh8 80. g4 Ra8 81. h5 Ra3+ 82. Kh4 Kf6 83.
h6 Ra1 84. Ng3 Ra2 85. Bf5 Rh2# 0-1

[Event "*** SCC Grand Prix: Titled Tuesday Blitz"]
[Site "Chess.com"]
[Date "2020.06.23"]
[Round "2"]
[White "Alexander_Moskalenko"]
[Black "Willychess95"]
[Result "0-1"]
[WhiteElo "2831"]
[BlackElo "2565"]
[TimeControl "180+1"]
[EndTime "10:20:46 PDT"]
[Termination "Willychess95 won by checkmate"]

1. d4 Nf6 2. Bf4 e6 3. Nf3 b6 4. e3 Bb7 5. c4 d6 6. h3 Nbd7 7. Nc3 Ne4 8. Nxe4 Bxe4 9. Bd3 Bb7 10. O-O Be7 11. e4 g5 12. Be3 h5 13. Nh2 e5 14. d5 a5 15. Bc2 Bf8 16. Re1 Qe7 17.
Nf1 g4 18. hxg4 hxg4 19. Qxg4 Nf6 20. Qf3 Bh6 21. Ba4+ Kf8 22. Bxh6+ Rxh6 23. Ng3 Bc8 24. Qe3 Kg7 25. Qg5+ Rg6 26. Nh5+ Kf8 27. Qh4 Nxh5 28. Qxh5 Kg7 29. f3 Bg4 30. fxg4 Rh8 31. Qf5 Qh4 32.
Kf1 Rf6 33. Bd1 Qg3 34. Bf3 Rxf5 35. gxf5 Rh2 36. b3 Kf6 37. Ke2 Rxg2+ 38. Bxg2 Qxg2+ 39. Kd3 Qb2 40. Ke3 Qc3+ 41. Kf2 Qd2+ 42. Kf3 Qc3+ 43. Kg4 a4 44. Rac1 Qd2 45. bxa4 Qg2+ 46. Kh4 Qxa2 47. Kg4 Qxa4 48. Kf3 Qb3+ 49. Re3 Qa2 50. Rec3 Qd2 51.
R1c2 Qf4+ 52. Ke2 Qxe4+ 53. Kf2 Ke7 54. Re2 Qd4+ 55. Rce3 Qh4+ 56. Kg2 Qg5+ 57. Rg3 Qxf5 58. Rf2 Qe4+ 59. Rff3 Qxc4 60. Rg7 Qxd5 61. Kg3 b5 62.
Rg8 b4 63. Rb8 c5 64. Rc8 e4 65. Rc7+ Ke8 66. Rf4 b3 67. Rh4 Qe5+ 68. Kh3 Kf8 69. Rh7 Qf5+ 70. Kg3 Qxh7 71. Kf4 Qh6+ 72. Kxe4 b2 73.
Rc8+ Kg7 74. Rc7 Qc1 75. Kd5 b1=Q 76. Kxd6 c4 77. Kd7 Qd2+ 78. Ke8 Qb8+ 79. Rc8 Qxc8+ 80. Ke7 Qe6# 0-1

[Event "*** SCC Grand Prix: Titled Tuesday Blitz"]
[Site "Chess.com"]
[Date "2020.06.23"]
[Round "2"]
[White "A-Fier"]
[Black "Bazarov04"]
[Result "1/2-1/2"]
[WhiteElo "2746"]
[BlackElo "2511"]
[TimeControl "180+1"]
[EndTime "10:20:52 PDT"]
[Termination "Game drawn by repetition"]

1. d4 e6 2. c4 f5 3. Nc3 Nf6 4. e3 Bb4 5. Qc2 O-O 6. Bd3 Nc6 7. Ne2 d6 8. Bd2 a5 9. a3 Bxc3 10. Bxc3 a4 11. f3 Bd7 12. O-O Na5 13. Rae1 Nb3 14. Nf4 Qe7 15. Ne2 c5 16. Ng3 Rac8 17. d5 g6 18.
dxe6 Bxe6 19. e4 f4 20. e5 dxe5 21. Ne4 Nd4 22. Qxa4 Nxe4 23. Bxe4 Rfd8 24. Bd5 Bxd5 25. cxd5 b5 26. Qd1 Rxd5 27. Re4 Qd6 28. Rfe1 Rd8 29. Qb1 Nc6 30. h3 Rd1 31. Qa2+ c4 32. Kh2 Rxe1 33. Rxe1 Qc5 34. Qb1 Rd3 35. Qc2 Qd5 36. Qe2 Re3 37. Qf2 Rxe1 38. Qxe1 Kf7 39. Qh4 h5 40. Qg5 Nd4 41.
Qh6 Nf5 42. Qh7+ Kf6 43. Qh8+ Kf7 44. Bxe5 Qe6 45. Bxf4 Ne7 46. Qh7+ Ke8 47. Qh8+ Kd7 48. Qd4+ Nd5 49. Be5 Kc6 50. f4 h4 51. a4 g5 52.
Qa7 Nxf4 53. Qa8+ Kd7 54. Qb7+ Kd8 55. Qxb5 Qd5 56. Qb8+ Ke7 57. Bxf4 gxf4 58. Qxf4 Ke6 59. Qxh4 Kd6 60. Qf4+ Kc6 61. Qf6+ Kc5 62. h4 Kb4 63. Qc3+ Kxa4 64. Qg3 Qf7 65. Qg4 Kb3 66. h5 Kxb2 67. h6 c3 68. Qg7 Qf4+ 69. Kh3 Qe3+ 70. g3 Qe6+ 71. Kh4 Qe4+ 72. g4 Qh1+ 73. Kg5 Kb3 74.
h7 c2 75. h8=Q Qxh8 76. Qxh8 c1=Q+ 77. Kg6 Qc2+ 78. Kf7 Qc7+ 79. Kg6 Qc2+ 80. Kg5 Qd2+ 81. Kf5 Qc2+ 82. Ke6 Qc4+ 83. Kd7 Qxg4+ 84. Kc7 Qc4+ 85. Kb7 Qb4+ 86. Ka7 Qa4+ 87. Kb8 Qb4+ 88. Ka8 Qa4+ 89. Kb8 Qb4+ 90. Ka8 Qa4+ 91. Kb8 1/2-1/2

[Event "*** SCC Grand Prix: Titled Tuesday Blitz"]
[Site "Chess.com"]
[Date "2020.06.23"]
[Round "2"]
[White "dopolian"]
[Black "grzechu96"]
[Result "0-1"]
[WhiteElo "2362"]
[BlackElo "2659"]
[TimeControl "180+1"]
[EndTime "10:20:56 PDT"]
[Termination "grzechu96 won by resignation"]

1. e4 c5 2. Nf3 d6 3. d4 cxd4 4. Nxd4 a6 5. c4 b6 6. Nc3 Bb7 7. Be2 Nf6 8. f3 e6 9. O-O Be7 10. Be3 O-O 11. Rc1 Nbd7 12. b4 Re8 13. Qe1 Rc8 14. Qf2 d5 15. cxd5 exd5 16. Nxd5 Bxd5 17. exd5 Nxd5 18. Rxc8 Qxc8 19. Rc1 Qb7 20. Bd2 Nxb4 21.
a3 Nd5 22. Bc4 Bxa3 23. Re1 Rxe1+ 24. Qxe1 Bc5 25. Qe8+ Nf8 26. Qe4 Bxd4+ 27. Qxd4 Nf6 28. Bg5 b5 29. Bb3 Qc6 30. h4 N6d7 31. Bd5 Qc5 32. Be3 Qxd4 33. Bxd4 Ne6 34. Bc3 Ndc5 35. Bb4 Kf8 36. Bb7 Ke8 37. Bc6+ Kd8 38. Bd5 Kc7 39. Ba2 Kb6 40. Kf2 a5 41. Bc3 b4 42. Be5 a4 43. Bc4 b3 44. Ke2 a3 45. Kd2 b2 46.
Kc2 Ka5 47. Ba2 Kb4 48. Bc3+ Kb5 49. Be5 Kc6 50. Bc3 f6 51. Bb4 Nf4 52. g4 Nfd3 53. Bxa3 Kd7 54. Bxb2 Nxb2 55. Kxb2 Nd3+ 56. Kc3 Ne5 57. Bd5 Kd6 58. Be4 g6 59. Kd4 Nd7 60. Ke3 Ke5 61. Bc2 Nc5 62. f4+ Kd6 63. Kd4 Ne6+ 64.
Ke3 Nc7 65. f5 g5 66. hxg5 fxg5 67. Be4 Ne8 68. Kd4 Nf6 69. Bf3 h6 70. Ke3 Ke5 71. Be2 Nd5+ 72. Kf3 Kd4 73. Bb5 Nf6 74. Bc6 Ke5 75.
Bb5 Kd4 76. Bc6 Kc5 77. Ba4 Kd5 78. Bb3+ Ke5 79. Be6 Ne8 80. Bc8 Nd6 81. Bd7 Nc4 82. Ba4 Nb6 83. Bc2 Nd5 84. Bd3 Ne7 85. Bc4 Nc6 86. Be6 Nd4+ 87. Ke3 Nxe6 88. fxe6 Kxe6 89. Ke4 Kf6 90. Kd5 Kg6 91. Ke5 h5 92. gxh5+ Kxh5 0-1

[Event "*** SCC Grand Prix: Titled Tuesday Blitz"]
[Site "Chess.com"]
[Date "2020.06.23"]
[Round "2"]
[White "etesungam"]
[Black "StephenDedalus83"]
[Result "1/2-1/2"]
[WhiteElo "2407"]
[BlackElo "2757"]
[TimeControl "180+1"]
[EndTime "10:21:06 PDT"]
[Termination "Game drawn - insufficient material"]

1. d4 Nf6 2. c4 g6 3. Nc3 Bg7 4. e4 d6 5. Nf3 O-O 6. Be2 e5 7. dxe5 dxe5 8. Qxd8 Rxd8 9. Nd5 Nxd5 10. cxd5 c6 11. Bc4 b5 12. Bb3 Bb7 13. Bg5 Rc8 14. Rc1 c5 15. a4 a6 16. O-O Nd7 17.
axb5 axb5 18. Ra1 f6 19. Be3 Bf8 20. Nd2 c4 21. Bc2 Bc5 22. Bxc5 Nxc5 23. b4 Na6 24.
Rfb1 Nc7 25. Bd1 f5 26. f3 Ne8 27. Kf2 c3 28. Rxa8 Rxa8 29. Nf1 Ra2+ 30. Be2 fxe4 31. fxe4 Nd6 32. Ke3 Nxe4 33. Kxe4 Rxe2+ 34. Ne3 Bxd5+ 35. Kd3 Rf2 36. Nxd5 Rd2+ 37. Ke4 c2 38. Rc1 Rxg2 39. h4 Kf7 40. Ne3 Rh2 41. Rxc2 Rxh4+ 42. Kxe5 Rxb4 43. Rc7+ Ke8 44. Nd5 Rb1 45. Re7+ Kf8 46. Rxh7 b4 47. Nf4 b3 48. Ne6+ Ke8 49. Nc7+ Kd8 50. Ne6+ Kc8 51. Rc7+ Kb8 52. Rc4 b2 53. Rb4+ Kc8 54. Kf6 Rf1+ 55. Kxg6 b1=Q+ 56. Rxb1 Rxb1 57. Ng5 Kd7 58. Kf5 Rf1+ 59.
Ke5 Rh1 60. Ne4 Rh5+ 61. Kd4 Kc6 62. Ke3 Re5 63. Kf4 Kd5 64. Ng3 Re1 65. Nf5 Rf1+ 66.
Kg5 Ke5 67. Ng3 Rg1 68. Kg4 Ra1 69. Kf3 Ra3+ 70. Kg4 Rb3 71. Kh4 Kf4 72. Nh5+ Kf3 73. Kg5 Rb5+ 74. Kg6 Ke4 75. Ng7 Ke5 76. Kf7 Rb7+ 77.
Kg6 Rb1 78. Kf7 Rh1 79. Ne8 Rh7+ 80. Ng7 Rh8 81. Kg6 Rf8 82. Nh5 Rf5 83. Ng7 Rf6+ 84. Kg5 Ra6 85. Nf5 Ra1 86. Ng3 Rb1 87. Kg4 Rb4+ 88.
Kf3 Rb3+ 89. Kg4 Rb1 90. Kf3 Rb3+ 91. Kg4 Rb4+ 92. Kf3 Rh4 93. Ke3 Rh3 94. Kf3 Rh2 95. Kg4 Rg2 96. Kf3 Rxg3+ 97. Kxg3 1/2-1/2